 Dungeon Crawl Stone Soup version 0.18-a0-117-g77bb7e1 (webtiles) character file.

107 ReteAZ the Insei (level 4, -9/28 HPs)
             Began as an Octopode Transmuter on Nov 18, 2015.
             Mangled by an orc warrior
             ... wielding a +0 flail of protection
              (16 damage)
             ... on level 3 of the Dungeon.
             The game lasted 00:04:39 (2341 turns).

ReteAZ the Insei (Octopode Transmuter)              Turns: 2341, Time: 00:04:40

Health: -9/28      AC:  1    Str:  9    XL:     4   Next: 86%
Magic:  5/7        EV: 13    Int: 15    God:
Gold:   130        SH:  0    Dex: 13    Spells: 3 memorised, 1 level left

rFire  . . .     SeeInvis .       - Unarmed
rCold  . . .     Clarity  .     (no shield)
rNeg   . . .     SustAt   .     (helmet restricted)
rPois  .         Gourm    .     (no amulet)
rElec  .         Spirit   .     (no ring)
rCorr  .         Warding  .     (no ring)
rMut   .         Stasis   .     (no ring)
MR     .....                    (no ring)
Stlth  ++........               (no ring)
                                (no ring)
                                (no ring)
                                (no ring)

@: appendage, very slightly contaminated, not resistant to hostile enchantments,
unstealthy
A: almost no armour, amphibious, 8 rings, constrict 8, tentacle spike 3,
camouflage 1, gelatinous body 1
a: End Transformation


You were on level 3 of the Dungeon.
You were hungry.
One of your tentacles had a temporary spike.
You visited 1 branch of the dungeon, and saw 3 of its levels.

You collected 130 gold pieces.

Inventory:

Missiles
 a - 12 arrows
Jewellery
 h - a +6 ring of intelligence {unknown}
Scrolls
 d - 2 scrolls of noise {unknown}
 g - a scroll of teleportation {unknown}
 j - 2 scrolls of identify {unknown}
 n - a scroll of remove curse {unknown}
Potions
 e - a potion of cancellation {unknown}
 f - a potion of brilliance {unknown}
 i - a potion of might {unknown}
 k - a potion of curing {unknown}
Books
 b - a book of Changes

   Spells                             Type                      Level
   a - Beastly Appendage              Transmutation                1
   b - Sticks to Snakes               Transmutation                2
   c - Spider Form                    Transmutation/Poison         3
   d - Ice Form                       Ice/Transmutation            4
   e - Blade Hands                    Transmutation                5
Comestibles
 c - a bread ration {@e1}
 l - a fruit
 m - a meat ration {@e2}


   Skills:
 - Level 1.0 Fighting
 + Level 2.8 Dodging
 * Level 5.0 Unarmed Combat
 - Level 2.0 Spellcasting
 - Level 2.0 Transmutations


You had one spell level left.
You knew the following spells:

 Your Spells              Type           Power        Failure   Level  Hunger
a - Beastly Appendage     Trmt           #.....       12%         1    #......
b - Sticks to Snakes      Trmt           #.........   14%         2    ###....
c - Spider Form           Trmt/Pois      #.........   43%         3    ###....


Dungeon Overview and Level Annotations

Branches:
Dungeon (3/15)

Altars:


Innate Abilities, Weirdness & Mutations

You cannot wear most types of armour.
You are amphibious.
You can wear up to eight rings at the same time.
You can use your tentacles to constrict eight enemies at once.
Your skin changes colour to match your surroundings (Stealth).
Your rubbery body absorbs attacks (AC +1).
One of your tentacles bears a large vicious spike.


Message History

You tentacle-slap the orc warrior but do no damage.
You grab the orc warrior.
You constrict the orc warrior, but do no damage.
The orc warrior barely misses you.
You barely miss the orc warrior.
You constrict the orc warrior, but do no damage.
You completely miss the orc warrior.
You constrict the orc warrior, but do no damage.
The orc warrior hits you with a flail of protection!
* * * LOW HITPOINT WARNING * * *
You tentacle-slap the orc warrior but do no damage.
You constrict the orc warrior, but do no damage.
The orc warrior barely misses you.
You tentacle-slap the orc warrior but do no damage.
You constrict the orc warrior, but do no damage.
You tentacle-slap the orc warrior but do no damage.
You constrict the orc warrior, but do no damage.
The orc warrior hits you with a flail of protection!
Ouch! That really hurt!
You die...

.......##...#
.......##...###
...............
.....#.......#
.....##......#
.)...##......#
.....##......####
................###.##
#...###......##.@o...#
##.## #.†....#########
### #.<....# ########


You could see an orc warrior.

Vanquished Creatures
  An orc wizard (D:3)
  4 adders
  A worm (D:2)
  2 giant geckos
  2 orcs
  A giant cockroach (D:1)
  4 hobgoblins
  4 kobolds
  A quokka (D:2)
  5 bats
  A giant newt (D:2)
  4 goblins
  4 rats (D:2)
34 creatures vanquished.

Notes
Turn   | Place    | Note
--------------------------------------------------------------
     0 | D:1      | ReteAZ the Octopode Transmuter began the quest for the Orb.
     0 | D:1      | Reached XP level 1. HP: 13/13 MP: 3/3
   359 | D:1      | Reached XP level 2. HP: 12/18 MP: 5/5
   363 | D:1      | Learned a level 2 spell: Sticks to Snakes
  1040 | D:2      | Reached skill level 4 in Unarmed Combat
  1040 | D:2      | Reached XP level 3. HP: 19/23 MP: 6/6
  1844 | D:2      | Reached XP level 4. HP: 14/28 MP: 7/7
  2321 | D:3      | Learned a level 3 spell: Spider Form
  2325 | D:3      | Noticed an orc warrior
  2332 | D:3      | Reached skill level 5 in Unarmed Combat
  2341 | D:3      | Mangled by an orc warrior

Vault maps used:
D:1:      scummos_arrival_forest
D:3:      lemuel_zombie_altar_yredelemnul, nicolae_ru_great_annihilating_truth,
          uniq_robin

Action                   |  1- 3 |  4- 6 || total
-------------------------+-------+-------++-------
Melee: Unarmed           |    63 |    25 ||    88
 Cast: Beastly Appendage |       |     2 ||     2
 Stab: Sleeping          |     2 |       ||     2
  Eat: Chunk             |     2 |     1 ||     3
       Fruit             |       |     1 ||     1
